 Dungeon Crawl Stone Soup version 0.28-a0-1292-gb4563b27b3 (webtiles) character file.

Game seed: 811806179733672531

75 Cheeritup the Grave Robber (level 4, -1/36 HPs)
             Began as a Ghoul Necromancer on Dec 27, 2021.
             Slain by a gnoll (2 damage)
             ... on level 1 of the Dungeon.
             The game lasted 00:07:25 (2535 turns).

Cheeritup the Grave Robber (Ghoul Necromancer)      Turns: 2535, Time: 00:07:25

Health: -1/36      AC:  5    Str: 11    XL:     4   Next: 31%
Magic:  6/6        EV: 10    Int: 18    God:
Gold:   51         SH:  0    Dex:  9    Spells: 5/7 levels left

rFire   . . .      SeeInvis .     - Unarmed
rCold   + . .      Faith    .   (no shield)
rNeg    + + +      Spirit   .   e - +0 ring mail
rPois   ∞          Reflect  .   (no helmet)
rElec   .          Harm     .   (no cloak)
rCorr   .          Rampage  .   (no gloves)
Will    .....                   (no boots)
Stlth   +.........              (no amulet)
HPRegen 0.00/turn               l - +6 ring of intelligence
MPRegen 0.10/turn               (no ring)

@: inhibited regen
A: claws 1, cold resistance 1, negative energy resistance 3, inhibited
regeneration, torment resistance 2
a: no special abilities


You were on level 1 of the Dungeon.
You visited 1 branch of the dungeon, and saw 3 of its levels.

You collected 51 gold pieces.

Inventory:

Hand Weapons
 g - a +0 trident
 i - a +0 long sword
Missiles
 j - 2 throwing nets
Armour
 a - a +0 robe
 e - a +0 ring mail (worn)
Jewellery
 l - a +6 ring of intelligence (left claw)
Scrolls
 b - 2 scrolls of fog
 d - a scroll of teleportation
 f - 2 scrolls of identify
Potions
 c - a potion of flight
 h - a potion of degeneration {unknown}


   Skills:
 + Level 1.9 Fighting
 - Level 1.7 Dodging
 - Level 2.1 Stealth
 + Level 1.9 Unarmed Combat
 + Level 2.3 Spellcasting
 + Level 4.4 Necromancy


You had 5 spell levels left.
You knew the following spells:

 Your Spells              Type           Power      Damage    Failure   Level
a - Pain                  Necr           72%        1d7       7%          1
b - Animate Skeleton      Necr           36%        N/A       7%          1

Your spell library contained the following spells:

 Spells                   Type           Power      Damage    Failure   Level
 Vampiric Draining        Necr           18%        2d7       21%         3
 Animate Dead             Necr           9%         N/A       56%         4
 Agony                    Necr           18%        N/A       88%         5


Dungeon Overview and Level Annotations

Branches:
Dungeon (3/15)

Altars:


Innate Abilities, Weirdness & Mutations

You thrive by killing the living.
You are immune to poison.
You have sharp fingernails.
Your flesh is cold resistant. (rC+)
You are immune to negative energy. (rN+++)
You do not regenerate when monsters are visible.
You are immune to unholy pain and torment.


Message History

You hear the sound of rushing water.
There is an entrance to a sewer on this level.
Hurry and find it before the portal rusts away!
You hear the slow rusting of a distant drain.
There is a stone staircase leading up here.
You closely miss the gnoll. The gnoll misses you.
You scratch the gnoll.
The gnoll is lightly wounded.
You barely miss the gnoll.
The gnoll is lightly wounded.
The gnoll hits you from afar with a +0 spear!
You scratch the gnoll.
The gnoll is moderately wounded.
The gnoll hits you with a +0 whip! The gnoll closely misses you.
You scratch the gnoll but do no damage.
The gnoll is moderately wounded.
The gnoll hits you with a +0 whip. The gnoll barely misses you.
The gnoll hits you but does no damage. The gnoll hits you with a +0 whip.
The gnoll barely misses you. The gnoll hits you with a +0 club.
* * * LOW HITPOINT WARNING * * *
The orc misses you.
You climb upwards.
There is a stone staircase leading down here.
The gnoll hits you with a +0 club.
* * * LOW HITPOINT WARNING * * *
The gnoll hits you but does no damage.
There is a stone staircase leading up here.
The gnoll misses you.
You climb upwards.
There is a stone staircase leading down here.
You see here 8 arrows.
The gnoll barely misses you. The gnoll barely misses you.
The gnoll hits you with a +0 whip.
* * * LOW HITPOINT WARNING * * *
The gnoll closely misses you. The gnoll closely misses you.
The gnoll hits you but does no damage. The gnoll hits you with a +0 whip.
You die...

>############...##.#.##
................#.###.##
.##.#............## ##.#
..#........#.#.##.###.##
.......##.###..###.#.##
..###.##.## ##.####.##
#.###.#.## ##..##.#
.........## ##.g.##.#
..#######.###..#@##.#
..# ##.#...#.##.# ..#
##.#.>#.##.# ##### ..#
###.##.##.#######...#
..# #.##(##...........#
..# #.##.##########...#
.###### #.........#
##.##
......#######.##.####.#
####.#
.###.............# #.#
#..^.#


You could see a gnoll.

Vanquished Creatures
  A gnoll (D:2)
  An adder (D:2)
  2 dart slugs (D:1)
  4 ball pythons
  4 endoplasms
  3 giant cockroaches (D:2)
  5 hobgoblins
  2 jackals
  4 kobolds (D:2)
  2 quokkas
  3 bats
  3 frilled lizards (D:1)
  3 goblins (D:1)
  3 rats
40 creatures vanquished.

Vanquished Creatures (collateral kills)
  An adder (D:2)
  A kobold (D:1)
2 creatures vanquished.

Grand Total: 42 creatures vanquished

Notes
Turn   | Place    | Note
-------+----------+-------------------------------------------
     0 | D:1      | Cheeritup the Ghoul Necromancer began the quest for the
                  | Orb.
     0 | D:1      | Reached XP level 1. HP: 14/14 MP: 2/2
   314 | D:1      | Learned a level 1 spell: Animate Skeleton
   574 | D:1      | Reached XP level 2. HP: 18/22 MP: 3/3
   850 | D:1      | Reached skill level 1 in Unarmed Combat
   868 | D:1      | Reached skill level 1 in Fighting
  1373 | D:1      | Reached XP level 3. HP: 28/28 MP: 5/5
  2178 | D:2      | Reached XP level 4. HP: 30/36 MP: 6/6
  2524 | D:1      | HP: 1/36 [gnoll (2)]
  2535 | D:1      | Slain by a gnoll

Illustrated notes

Levels and vault maps discovered:
D:1:      tarquinn_simple_flora_water_a, layout_loops_ring,
          minmay_close_crescents
D:2:      layout_rooms
D:3:      layout_basic, biasface_ghost_orc_armoury,
          cheibrodos_sewer_entry_drain, nicolae_ecumenical_snake_handling,
          st_stairs_5

Skill      XL: |  1  2 |
---------------+-------+-----
Spellcasting   | 2 |  2.3
Unarmed Combat | 1 |  1.9
Fighting       | 1 |  1.9
Dodging        | |  1.7
Stealth        | |  2.1
Necromancy     | |  4.4

Action                   |  1- 3 |  4- 6 || total
-------------------------+-------+-------++-------
Melee: Unarmed           |   171 |    12 ||   183
       Punch             |     1 |       ||     1
 Cast: Animate Skeleton  |     7 |       ||     7
       Pain              |     5 |       ||     5
  Use: Scroll            |     3 |     1 ||     4
 Stab: Distracted        |     1 |       ||     1
Armor: Robe              |     5 |       ||     5
       Ring mail         |    82 |     6 ||    88
Dodge: Dodged            |   130 |    13 ||   143

Table legend: (Time is in decaauts)
 A = Elapsed time spent in this place.
 B = Non-inter-level travel time spent in this place.
 C = Inter-level travel time spent in this place.
 D = Time resting spent in this place.
 E = Time spent auto-exploring this place.
 F = Levels seen in this place.
 G = Mean time per level.
                   A        B        C        D        E       F      G
               +--------+--------+--------+--------+--------+-----+--------+
         Total |   2533 |   2488 |     45 |    688 |   1024 |   3 |  844.3 |
       Dungeon |   2533 |   2488 |     45 |    688 |   1024 |   3 |  844.3 |
               +--------+--------+--------+--------+--------+-----+--------+

Top non-repeatable levels by time:
     D:1: 1483 daAuts
     D:2: 1002 daAuts
     D:3: 47 daAuts
